 Dungeon Crawl Stone Soup version 0.21.1-1-g345015f (webtiles) character file.

1295 Fang the Chopper (level 8, -21/76 HPs)
             Began as a Gargoyle Berserker on June 14, 2018.
             Was an Elder of Trog.
             Demolished by an ogre
             ... wielding a +0 giant club
              (27 damage)
             ... on level 5 of the Dungeon.
             The game lasted 00:05:25 (6267 turns).

Fang the Chopper (Gargoyle Berserker)               Turns: 6267, Time: 00:05:25

Health: -21/76     AC:  9    Str: 27    XL:     8   Next: 56%
Magic:  8/8        EV: 14    Int:  7    God:    Trog [****..]
Gold:   238        SH:  0    Dex: 15    Spells: 7/7 levels left

rFire    . . .     SeeInvis .   a - +0 hand axe
rCold    . . .     Gourm    .   (no shield)
rNeg     + . .     Faith    .   w - -2 robe (curse)
rPois    ∞         Spirit   .   (no helmet)
rElec    +         Reflect  .   (no cloak)
rCorr    .         Harm     .   (no gloves)
MR       .....                  s - +3 pair of boots of the Lonely Songs {Int-2 Dex+6 Stlth+}
Stlth    ..........             (no amulet)
HPRegen  0.22/turn              (no ring)
MPRegen  0.11/turn              (no ring)

@: berserking, very quick
A: negative energy resistance 1, electricity resistance, unbreathing,
petrification resistance, rot immunity, AC +5
a: Berserk, Trog's Hand, Brothers in Arms, Burn Spellbooks, Renounce Religion


You were on level 5 of the Dungeon.
You worshipped Trog.
Trog was greatly pleased with you.
You were very hungry.

You visited 1 branch of the dungeon, and saw 5 of its levels.

You collected 238 gold pieces.

Inventory:

Hand Weapons
 a - a +0 hand axe (weapon)
Armour
 b - a +0 animal skin
 s - the +3 pair of boots of the Lonely Songs (worn) {Int-2 Dex+6 Stlth+}
   (You found it on level 4 of the Dungeon)

   It affects your intelligence (-2).
   It affects your dexterity (+6).
   It makes you more stealthy.
 w - a cursed -2 robe (worn)
Jewellery
 h - a cursed ring of loudness {unknown}
Wands
 p - a wand of flame (23)
 u - a wand of digging (18)
Scrolls
 d - 3 scrolls of amnesia {unknown}
 e - 3 scrolls of teleportation {unknown}
 g - 5 scrolls of identify {unknown}
 i - a scroll of enchant armour {unknown}
 k - 2 scrolls of enchant weapon {unknown}
 l - a scroll of remove curse {unknown}
 o - a scroll of magic mapping {unknown}
 t - 2 scrolls of fog {unknown}
Potions
 f - 3 potions of curing {unknown}
 j - a potion of ambrosia {unknown}
 m - 2 potions of mutation {unknown}
 n - a potion of degeneration {unknown}
 q - 3 potions of brilliance {unknown}
 r - a potion of magic {unknown}
 v - a potion of lignification {unknown}
 x - a potion of flight {unknown}
Comestibles
 c - 8 rations


   Skills:
 + Level 5.8 Fighting
 + Level 6.9 Axes
 + Level 2.4 Armour
 + Level 4.0 Dodging
 + Level 4.0 Stealth


You had 7 spell levels left.
You didn't know any spells.

Dungeon Overview and Level Annotations

Branches:
Dungeon (5/15)             Temple (0/1) D:4

Altars:
Gozag
Makhleb
Okawaru
Qazlal
Yredelemnul


Innate Abilities, Weirdness & Mutations

You are resistant to torment.
Your stone body is resilient. (AC +5)
You are immune to poison.
You resist negative energy. (rN+)
You are resistant to electric shocks. (rElec)
You can survive without breathing.
You are immune to petrification.
You are immune to rotting.


Message History

The ogre hits you with a giant club!
* * * LOW HITPOINT WARNING * * *
The bullfrog skeleton hits you but does no damage.
The ogre barely misses you.
You hit the ogre.
The ogre is lightly wounded.
You slash the bullfrog skeleton! You slash the ogre!
The crimson imp blinks!
The ogre barely misses you.
The bullfrog skeleton barely misses you.
Unknown command.
You slash the ogre!
The ogre is heavily wounded.
You slash the bullfrog skeleton! You barely miss the ogre.
The bullfrog skeleton barely misses you.
Unknown command.
You slash the ogre!
The ogre is almost dead.
You slash the ogre! You barely miss the bullfrog skeleton. The ogre misses you.
The ogre hits you with a giant club!!
You die...

#.....# #.#
#....##
#.### #.†..#
#...###
#..### .
###.#..
#.########'#
#.#.#.#
#...........
#...#.#
#...........
#.###.#
#...........
#<..#.#
####@#######
#####.#


#ZOO# #.....# #.Zl§.# #.##### #.......# #.# #.......# #.# #.......# #)# ##
##..5..## #.# #. ##...## #.####. #.#####...##. You could see 2 ogres, a crimson
imp, a hound zombie, a frilled lizard and a bullfrog skeleton.

Vanquished Creatures
  Sigmund (D:4)
  An ogre (D:5)
  An ice beast (D:5)
  A sky beast (D:5)
  A phantom (D:4)
  The ghost of CryoXil the Shield-Bearer, an amateur GrFi of Cheibriados (D:3)
  A scorpion (D:5)
  A crimson imp (D:3)
  2 hounds
  A jelly (D:5)
  2 bullfrog skeletons
  2 iguanas
  4 orc wizards (D:5)
  4 worker ants (D:4)
  7 adders
  2 shadow imps (D:5)
  An ooze (D:3)
  An adder zombie (D:3)
  An adder skeleton (D:4)
  3 worms
  2 dart slugs
  2 leopard geckos
  5 orcs
  7 giant cockroaches
  11 hobgoblins
  12 jackals
  8 kobolds
  6 quokkas
  2 ball pythons
  2 bats (D:2)
  2 frilled lizards
  9 goblins
  28 rats
  A spectral orc (D:4)
135 creatures vanquished.

Notes
Turn   | Place    | Note
-------+----------+-------------------------------------------
     0 | D:1      | Fang the Gargoyle Berserker began the quest for the Orb.
     0 | D:1      | Reached XP level 1. HP: 14/14 MP: 1/1
   132 | D:1      | Reached XP level 2. HP: 12/19 MP: 2/2
   313 | D:1      | Reached skill level 3 in Axes
   393 | D:1      | You fall through a shaft!
   649 | D:2      | Reached XP level 3. HP: 13/24 MP: 3/3
   880 | D:2      | Reached ** piety under Trog
   886 | D:2      | Found an opulent altar of Gozag.
  1073 | D:2      | Reached XP level 4. HP: 23/29 MP: 4/4
  2632 | D:3      | Reached XP level 5. HP: 30/34 MP: 5/5
  2656 | D:3      | Found a stormy altar of Qazlal.
  3009 | D:3      | Found a burning altar of Makhleb.
  3022 | D:3      | Reached skill level 4 in Axes
  3022 | D:3      | Reached skill level 1 in Stealth
  3192 | D:3      | Noticed CryoXil's ghost (amateur GrFi)
  3253 | D:3      | Killed CryoXil's ghost
  3253 | D:3      | Reached XP level 6. HP: 31/39 MP: 6/6
  3776 | D:4      | Found a basalt altar of Yredelemnul.
  3780 | D:4      | Reached *** piety under Trog
  4012 | D:4      | Found a staircase to the Ecumenical Temple.
  4378 | D:4      | Noticed a phantom
  4398 | D:4      | Got a pair of blackened boots
  4573 | D:3      | Identified the +3 pair of boots of the Lonely Songs {Int-2 Dex+6 Stlth+} (You found it on level 4 of the Dungeon)
  4617 | D:4      | Killed a phantom
  4617 | D:4      | Reached skill level 5 in Fighting
  4617 | D:4      | Reached skill level 5 in Axes
  4617 | D:4      | Reached XP level 7. HP: 44/44 MP: 7/7
  4870 | D:4      | Noticed Sigmund
  4883 | D:4      | Killed Sigmund
  5078 | D:4      | Found an iron altar of Okawaru.
  5132 | D:5      | Entered Level 5 of the Dungeon
  5235 | D:5      | Reached skill level 6 in Axes
  5235 | D:5      | Reached XP level 8. HP: 23/50 MP: 8/8
  5602 | D:5      | Reached **** piety under Trog
  6267 | D:5      | Demolished by an ogre

Skill      XL: |  1  2  3  4  5  6  7  8 |
---------------+-------------------------+-----
Axes           | 3 4 5 6 |  6.9
Fighting       | 4 5 |  5.8
Dodging        | 2 3 4 |  4.0
Stealth        | 1 2 3 4 |  4.0
Armour         | |  2.4

Action                   |  1- 3 |  4- 6 |  7- 9 || total
-------------------------+-------+-------+-------++-------
Melee: Hand axe          |   118 |   237 |   197 ||   552
Invok: Berserk           |     2 |     2 |     4 ||     8
 Stab: Sleeping          |       |     6 |     7 ||    13
       Distracted        |       |     1 |     2 ||     3
  Eat: Chunk             |     2 |     5 |     7 ||    14
       Ration            |       |     3 |       ||     3
Armor: Animal skin       |    51 |    89 |    12 ||   152
       Robe              |       |       |    49 ||    49
Dodge: Dodged            |   102 |   166 |   118 ||   386
